 Dungeon Crawl Stone Soup version 0.27.0-1-g7a089689b8 (webtiles) character file.

Game seed: 2012500417587907674

258090 tbh1313 the Cutthroat (level 19, -23/191 HPs)
             Began as a Minotaur Fighter on Aug 6, 2021.
             Was an Elder of Ashenzari.
             Shot with a bolt by a yaktaur captain (32 damage)
             ... on level 1 of the Vaults on Aug 10, 2021.
             The game lasted 01:41:08 (35875 turns).

tbh1313 the Cutthroat (Minotaur Fighter)           Turns: 35875, Time: 01:41:08

Health: -23/191    AC: 26    Str: 31    XL:     19   Next: 49%
Magic:  19/19      EV: 18    Int:  8    God:    Ashenzari [****..]
Gold:   3634       SH:  0    Dex: 14    Spells: 19/19 levels left

rFire    + . .     SeeInvis +   G - +9 quick blade "Discomfort of Ashenzari" {Cun, Elem} (curse)
rCold    + + .     Faith    .   o - +3 warlock's mirror {reflect, Self, Fort} (curse)
rNeg     . . .     Spirit   .   U - +0 ice dragon scales
rPois    +         Reflect  +   x - +2 hat "Behold Eternity" {SInv, Fort, Evo} (curse)
rElec    .         Harm     .   q - +0 cloak {Will+}
rCorr    .         Rampage  .   p - +2 pair of gloves "At What Cost Knowledge?" {Dex+3, Evo, Self} (curse)
Will     ++...     Clarity  +   J - +2 pair of boots of Ashenzari's Ordeal {Melee, Cun} (curse)
Stlth    ..........             z - amulet "Shackled Awkwardness" {Regen+, Cun, Self} (curse)
HPRegen  1.41/turn              r - ring "Chained Incredulity" {Str+6, Alch, Fort} (curse)
MPRegen  0.16/turn              S - ring of poison resistance

@: confused, ambrosia-drunk, marked, studying 2 skills, invisible
A: horns 2, retaliatory headbutt, fire resistance 2, subdued magic 1
}: 1/15 runes: serpentine
a: Renounce Religion, Curse Item, Shatter the Chains


You were on level 1 of the Vaults.
You worshipped Ashenzari.
Ashenzari was greatly pleased with you.
You visited 7 branches of the dungeon, and saw 32 of its levels.
You also visited: Sewer, Ossuary, Bailey, Gauntlet and Wizlab.

You collected 6414 gold pieces.
You spent 2780 gold pieces at shops.

Inventory:

Hand Weapons
 G - the cursed +9 quick blade "Discomfort of Ashenzari" (weapon) {Cun, Elem}
   (You acquired it on level 6 of the Dungeon)

   It has a curse which improves the following skills: Cunning: Dodging and
   Stealth.
   Elements:  Fire Magic, Ice Magic, Air Magic and Earth Magic.
Missiles
 y - 21 silver javelins (quivered)
 M - 6 javelins
 W - a throwing net
Armour
 o - the cursed +3 warlock's mirror (worn) {reflect, Self, Fort}
   (You bought it in a shop on level 2 of the Orcish Mines)

   It can block and reflect piercing ranged attacks and magical attacks against
   the wielder's willpower.
   It has a curse which improves the following skills: Introspection: Fighting
   and Spellcasting.
   Fortitude: Armour and Shields.
 p - the cursed +2 pair of gloves "At What Cost Knowledge?" (worn) {Dex+3, Evo, Self}
   (You found it on level 3 of the Elven Halls)

   It has a curse which improves the following skills: Evocations: Evocations.
   Introspection: Fighting and Spellcasting.
 q - a +0 cloak of willpower (worn)
 x - the cursed +2 hat "Behold Eternity" (worn) {SInv, Fort, Evo}
   (You found it on level 1 of the Snake Pit)

   It has a curse which improves the following skills: Fortitude: Armour and
   Shields.
   Evocations: Evocations.
 J - the cursed +2 pair of boots of Ashenzari's Ordeal (worn) {Melee, Cun}
   (You found it on level 3 of the Elven Halls)

   It has a curse which improves the following skills: Melee Combat: Short
   Blades, Long Blades, Axes, Maces & Flails, Polearms, Staves and Unarmed
   Combat.
   Cunning:   Dodging and Stealth.
 U - +0 ice dragon scales (worn)
Jewellery
 k - the ring of the Skies Above {rElec rF- rC+ Will++ Str+2}
   (You found it in a Gauntlet)

   [ring of protection from cold]

   Str:       It affects your strength (+2).
   rF:        It makes you vulnerable to fire.
   rC:        It protects you from cold.
   rElec:     It insulates you from electricity.
   Will:      It greatly increases your willpower.
 l - a ring of positive energy
 n - the ring "Guux" {Ice rElec Str+2}
   (You found it on level 9 of the Dungeon)

   [ring of ice]

   It enhances your ice magic.
   Str:       It affects your strength (+2).
   rF:        It makes you vulnerable to fire.
   rC:        It protects you from cold.
   rElec:     It insulates you from electricity.
 r - the cursed ring "Chained Incredulity" (left hand) {Str+6, Alch, Fort}
   (You found it on level 4 of the Dungeon)

   [ring of strength]

   Str:       It affects your strength (+6).
   It has a curse which improves the following skills: Alchemy: Poison Magic and
   Transmutations.
   Fortitude: Armour and Shields.
 s - an amulet of reflection
 z - the cursed amulet "Shackled Awkwardness" (around neck) {Regen+, Cun, Self}
   (You found it on level 5 of the Dungeon)

   [amulet of regeneration]

   Regen:     It increases your rate of health regeneration.
   It has a curse which improves the following skills: Cunning: Dodging and
   Stealth.
   Introspection: Fighting and Spellcasting.
 L - the ring "Ratuocs" {rElec rF+ Str-2 Dex+2}
   (You acquired it in a bailey)

   [ring of protection from fire]

   Str:       It affects your strength (-2).
   Dex:       It affects your dexterity (+2).
   rF:        It protects you from fire.
   rElec:     It insulates you from electricity.
 S - a ring of poison resistance (right hand)
 X - a ring of flight
 Z - a +4 ring of slaying
Wands
 e - a wand of polymorph (25)
 g - a wand of charming (21)
 B - a wand of mindburst (25)
 C - a wand of digging (18)
 E - a wand of iceblast (43)
 H - a wand of flame (60)
 Q - a wand of acid (13)
 T - a wand of paralysis (27)
Scrolls
 b - 2 scrolls of amnesia
 v - 6 scrolls of teleportation
 D - 13 scrolls of enchant weapon
 I - 3 scrolls of magic mapping
 K - 2 scrolls of fog
 N - 2 scrolls of blinking
 V - 2 scrolls of silence
Potions
 d - a potion of ambrosia
 f - 2 potions of cancellation
 h - 4 potions of resistance
 i - 15 potions of curing
 j - 11 potions of brilliance
 m - 8 potions of flight
 t - a potion of magic
 u - 8 potions of mutation
 w - 7 potions of haste
 O - 4 potions of attraction
 R - 2 potions of berserk rage
Miscellaneous
 c - a lightning rod (4/4)


   Skills:
 - Level 18.2(21.9) Fighting
 - Level 24.8(26.2) Short Blades
 - Level 2.6(4.5) Axes
 - Level 7.0 Throwing
 - Level 11.8(16.0) Armour
 + Level 13.2(17.3) Dodging
 - Level 20.4(23.8) Shields
 - Level 5.0(8.4) Evocations


You had 19 spell levels left.
You didn't know any spells.
Your spell library contained the following spells:

 Spells                   Type           Power      Damage    Failure   Level
 Sting                    Tmut/Pois      0%         1d3       50%         1
 Corona                   Hex            0%         N/A       54%         1
 Magic Dart               Conj           0%         1d3       54%         1
 Summon Small Mammal      Summ           0%         N/A       54%         1
 Passwall                 Tmut/Erth      0%         N/A       65%         2
 Poisonous Vapours        Pois/Air       0%         N/A       65%         2
 Corpse Rot               Necr/Air       N/A        N/A       67%         2
 Ensorcelled Hibernation  Hex/Ice        0%         N/A       67%         2
 Static Discharge         Conj/Air       0%         N/A       67%         2
 Searing Ray              Conj           0%         3d3       69%         2
 Sublimation of Blood     Necr           0%         N/A       69%         2
 Ignite Poison            Fire/Tmut/Pois 0%         N/A       87%         3
 Call Canine Familiar     Summ           0%         N/A       89%         3
 Conjure Flame            Conj/Fire      0%         6-21      89%         3
 Gell's Gravitas          Tloc           0%         N/A       89%         3
 Stone Arrow              Conj/Erth      0%         3d7       89%         3
 Summon Guardian Golem    Hex/Summ       0%         N/A       89%         3
 Teleport Other           Tloc           0%         N/A       89%         3
 Tukima's Dance           Hex            0%         N/A       89%         3
 Olgreb's Toxic Radiance  Pois           0%         N/A       99%         4
 Petrify                  Tmut/Erth      0%         N/A       99%         4
 Animate Dead             Necr           0%         N/A       100%        4
 Cause Fear               Hex            0%         N/A       100%        4
 Dispel Undead            Necr           0%         3d6       100%        4
 Fulminant Prism          Conj/Hex       0%         3d6       100%        4
 Leda's Liquefaction      Hex/Erth       0%         N/A       100%        4
 Passage of Golubria      Tloc           N/A        N/A       100%        4
 Sticky Flame             Conj/Fire      0%         2d3       100%        4
 Blade Hands              Tmut           0%         N/A       100%        5
 Bolt of Magma            Conj/Fire/Erth 0%         4d4       100%        5
 Freezing Cloud           Conj/Ice/Air   0%         6-21      100%        5
 Irradiate                Conj/Tmut      0%         3d14      100%        5
 Silence                  Hex/Air        0%         N/A       100%        5
 Yara's Violent Unravell  Hex/Tmut       0%         3d3       100%        5
 Dispersal                Tloc           0%         N/A       100%        6
 Statue Form              Tmut/Erth      0%         N/A       100%        6
 Dragon Form              Tmut           0%         N/A       100%        7
 Storm Form               Tmut/Air       0%         N/A       100%        7
 Necromutation            Tmut/Necr      0%         N/A       100%        8
 Shatter                  Erth           0%         3d5*      100%        9


Dungeon Overview and Level Annotations

Branches:
Dungeon (15/15)            Temple (1/1) D:4            Lair (6/6) D:9
 Shoals (0/4) Lair:4        Snake (4/4) Lair:4        Slime (0/5) Lair:6
    Orc (2/2) D:10            Elf (3/3) Orc:2        Vaults (1/5) D:13
 Depths (0/5) D:15          Sewer (visited)         Ossuary (visited)
 Bailey (visited)          WizLab (visited)         Gauntlet (visited)

Altars:
Ashenzari
Cheibriados
Dithmenos
Elyvilon
Fedhas
Gozag
Hepliaklqana
Kikubaaqudgha
Makhleb
Nemelex Xobeh
Okawaru
Qazlal
Ru
Sif Muna
Trog
Uskayaw
Vehumet
Wu Jian
Xom
Yredelemnul
Zin
The Shining One
Beogh

Shops:
D:5 *   D:6 ?   D:9 *   Orc:2 *:[?   Elf:2 **[(   Elf:3 ?=   Snake:1 =[*

Annotations:
D:6 3 runed translucent doors, ZombieSheep's ghost, novice GnWn
D:13 2 transporters, Iplucs's ghost, journeyman FeBe
D:15 3 runed translucent doors, TuffENuff's ghost, journeyman FoFi
Lair:2 exclusion: oklob plant


Innate Abilities, Weirdness & Mutations

You have a pair of horns on your head.
You reflexively headbutt those who attack you in melee.
Your flesh is very heat resistant. (rF++)
Your spells are a little easier to cast, but a little less powerful.


Message History

You block the large slime creature's attack.
The slime creature misses you.
You puncture the slime creature!
The slime creature is lightly wounded.
You puncture the slime creature!
The slime creature is moderately wounded.
You hit the slime creature.
The slime creature is moderately wounded.
You completely miss the slime creature. You headbutt the slime creature!!
The slime creature is severely wounded.
The large slime creature hits you.
* * * LOW HITPOINT WARNING * * *
The slime creature hits you but does no damage.
You block the slime creature's attack.
You puncture the slime creature! You headbutt the slime creature!
You kill the slime creature!
You hit the slime creature.
You headbutt the slime creature, but do no damage.
The slime creature is lightly wounded.
You puncture the slime creature! You headbutt the slime creature!
The slime creature is moderately wounded.
You block the slime creature's attack.
A large slime creature splits.
You puncture the slime creature! You headbutt the slime creature!
The slime creature is severely wounded.
You hit the slime creature.
The slime creature is almost dead.
The yaktaur captain wields a +0 arbalest.
The yaktaur captain shoots a bolt.
The bolt hits you!!
* * * LOW HITPOINT WARNING * * *
You are confused.
You feel invigorated. The slime creature closely misses you.
The slime creature hits you!
* * * LOW HITPOINT WARNING * * *
The slime creature hits you!
* * * LOW HITPOINT WARNING * * *
You are too confused!
Unknown command.
You fade into invisibility!
The yaktaur captain shoots a bolt.
The bolt hits you!!
You die...

........., , ,, , ,
......... >,* #'# *, ,
,, ,, , #'####...
*>,*,... * , , ,,,
.....##., *,.p. *{ ,, ,*
..#...## ** ###'#* , ,,
, ,* .###.### * #.pc# ,
,, ..#...#.## #...## *,
, , .(..∩....# #.J.####
, , ,
..#...#..#####..@#####,,
, ,, ,
.###.###.#......JJ...#,
* * , ..*...#
.#....?......# ,* ,,,,
.. .... +...........# ,
, ,,, ,,#...#
#####...##### , , .
##.## ** #...# * , ,
,,*... * #...# ,*, ,, ,
, ,* #...# ,> * * *,, *
##+#* ** *,,, ,


You could see a yaktaur captain (strong), 3 slime creatures and 2 ironbound
convokers.

Levels and vault maps discovered:
D:1:      minmay_arrival_three_doors, layout_basic
D:2:      layout_rooms, hellmonk_ecumenical_altar_leap_of_faith,
          corexii_corridor_pit, minmay_misc_feat_nine_boxes
D:3:      layout_basic
D:4:      layout_basic, grunt_dithmenos_smoke, temple_statues,
          lightli_ossuary_entry_decrepit_ruins, uniq_blork_the_orc
D:5:      layout_loops_ring, serial_shops, nicolae_inconvenience_store,
          st_stairs_8, hex_tiny
D:6:      layout_basic, cheibrodos_sewer_entry_drain, ebering_ghost_gozag,
          serial_shops, shop
D:7:      cheibrodos_statue_roulette, layout_basic
D:8:      layout_rooms, enter_bailey_5, minmay_misc_feat_rows,
          minmay_door_square
D:9:      minmay_the_grid_3x3 [minmay_the_grid_pillar_ring,
          minmay_the_grid_aliased_spiral, minmay_the_grid_broken_lines,
          minmay_the_grid_eight, minmay_the_grid_armoury,
          minmay_the_grid_tiny_cups, minmay_the_grid_plusring,
          minmay_the_grid_small_cups, minmay_the_grid_prize_diamond_cup],
          layout_loops_corners, david_lair_generic, serial_shops,
          nicolae_stop_n_shop_1
D:10:     layout_cave_pools, kennysheep_orc_monster_closet_entryway,
          minivault_15, chequers_serial_rivers_large_b
D:11:     layout_stronghold
D:12:     layout_basic, uniq_azrael
D:13:     layout_stronghold, lightli_vaults_fourway_checkpoint,
          gammafunk_ghost_berserking_beasts, fedhas_bush_and_centaur_altar
D:14:     layout_basic, infiniplex_staircase_9_rooms, uniq_josephine
D:15:     hangedman_depths_entry_try_elsewhere_first, layout_cave_pools,
          minmay_misc_feat_tower, gammafunk_ghost_fury_of_okawaru
Temple:   nicolae_temple_the_god_donut
Lair:1:   layout_cave_pods, serial_bayou_shore_b
Lair:2:   kb_forest_paths, layout_cave_shapes, serial_bayou_crossing,
          lemuel_fruit_tree
Lair:3:   layout_hall_layers, gauntlet_entry_generic, st_stairs_3, uniq_fannar
Lair:4:   layout_small_grid, elwin_shoals_entry_stream,
          minmay_snake_entry_guardpost_small, portal_ice_cave_entry_pillars_1,
          nicolae_quartered_pool_little
Lair:5:   layout_regular_city, chequers_serial_rivers_micro_d
Lair:6:   hangedman_lair_tendril_chambers, layout_regular_city, wormcave,
          minmay_slime_entry_pillars
Snake:1:  layout_rooms, minmay_shop_star, grunt_megastairs_5
Snake:2:  layout_misc_corridors, grunt_ministairs_8, serial_bayou_shore_b,
          grunt_megastairs_1, uniq_aizul, uniq_vashnia
Snake:3:  layout_chambers, chequers_hall_statues_wall_a
Snake:4:  hellmonk_snake_rune_quicksilver_temple, layout_cave_town
Orc:1:    layout_caves, uniq_harold, uniq_erica
Orc:2:    st_orc_rangers, layout_caves, basic_altar
Elf:1:    eino_elf_arrival_customs, layout_loops_corners, mu_enter_wizlab_4,
          minmay_elf_necromancy, nicolae_elf_v_pinch, uniq_louise
Elf:2:    nicolae_elf_blades_crystal_corner, layout_geoelf_grid, serial_shops,
          shop, shop, nicolae_shop_stone, shop, nicolae_elf_shapeshifter_party
Elf:3:    elf_hall, layout_gridlike, serial_shops,
          nicolae_shop_temple_entry_statues_fountains, shop
Vaults:1: ontoclasm_vaults_decontamination, vaults_room_fancy_cross,
          vaults_room_door_ring, nicolae_vaults_mini_display_case,
          vaults_dpeg_hooks, nicolae_vaults_circle_grid_b, v_misc_25,
          st_octagons_1, vaults_dpeg_encased_lava,
          vaults_room_grunt_arrival_ludios, v_misc_4,
          layout_vaults_chaotic_city, uniq_asterion

Notes
Turn   | Place    | Note
-------+----------+-------------------------------------------
     0 | D:1      | tbh1313 the Minotaur Fighter began the quest for the Orb.
     0 | D:1      | Reached XP level 1. HP: 19/19 MP: 0/0
    73 | D:1      | Reached XP level 2. HP: 27/27 MP: 1/1
   851 | D:2      | You fall into a shaft and drop 2 floors!
   871 | D:4      | Found a sand-covered staircase.
   880 | Ossuary  | Entered an ossuary
   920 | Ossuary  | Reached XP level 3. HP: 7/33 MP: 2/2
  1181 | Ossuary  | Reached skill level 1 in Short Blades
  1181 | Ossuary  | Reached XP level 4. HP: 34/40 MP: 3/3
  1250 | D:4      | Noticed a scorpion
  1259 | D:4      | Killed a scorpion
  1260 | D:4      | Reached skill level 5 in Armour
  1260 | D:4      | Reached skill level 5 in Shields
  1433 | D:4      | Found a shadowy altar of Dithmenos.
  1662 | D:4      | Found a staircase to the Ecumenical Temple.
  1758 | D:4      | Reached XP level 5. HP: 44/46 MP: 4/4
  1805 | D:4      | Noticed Blork the orc
  1813 | D:4      | Killed Blork the orc
  1814 | D:4      | Reached skill level 2 in Short Blades
  2809 | D:2      | Reached XP level 6. HP: 23/52 MP: 5/5
  3139 | D:2      | Found a faded altar of an unknown god.
  3766 | D:3      | Reached skill level 3 in Short Blades
  4179 | Temple   | Entered the Ecumenical Temple
  4225 | Temple   | Became a worshipper of Ashenzari the Shackled
  4398 | D:5      | Entered Level 5 of the Dungeon
  4521 | D:5      | Noticed a water moccasin
  4533 | D:5      | Found Yqakyodi's General Store.
  4535 | D:5      | Noticed a sky beast
  4584 | D:4      | Killed a water moccasin
  4585 | D:4      | Reached skill level 4 in Short Blades
  4585 | D:4      | Reached XP level 7. HP: 30/58 MP: 6/6
  4810 | D:5      | Reached skill level 5 in Short Blades
  4896 | D:5      | Reached skill level 6 in Short Blades
  4947 | D:5      | Reached skill level 7 in Short Blades
  5628 | D:6      | Found an opulent altar of Gozag.
  5630 | D:6      | Found a runed translucent gate.
  5631 | D:6      | Found a runed translucent gate.
  5631 | D:6      | Found a runed translucent gate.
  5631 | D:6      | Noticed ZombieSheep's ghost (novice GnWn)
  5631 | D:6      | Noticed a gargoyle
  5662 | D:6      | Reached skill level 8 in Short Blades
  5662 | D:6      | Reached XP level 8. HP: 66/66 MP: 7/7
  5681 | D:6      | Killed an unseen horror
  5682 | D:6      | Reached skill level 9 in Short Blades
  5742 | D:6      | Reached skill level 10 in Short Blades
  5751 | D:6      | Reached skill level 5 in Fighting
  5851 | D:6      | Found a glowing drain.
  5861 | Sewer    | Entered a sewer
  5987 | D:6      | Reached XP level 9. HP: 77/78 MP: 8/8
  6152 | D:6      | Found Saollodo's Magic Scroll Shop.
  6347 | D:7      | Noticed a gargoyle
  6365 | D:7      | Killed a gargoyle
  6423 | D:7      | Noticed a gargoyle
  6424 | D:7      | Identified a scroll of acquirement
  6450 | D:7      | Killed a gargoyle
  6451 | D:7      | Reached skill level 5 in Dodging
  6497 | D:7      | Acquired 1217 gold pieces
  6623 | D:5      | Bought a +1 demon blade of flaming for 476 gold pieces
  6717 | D:6      | Bought a scroll of acquirement for 624 gold pieces
  6717 | D:6      | Acquired a +9 quick blade
  7441 | D:7      | Noticed a gargoyle
  7448 | D:7      | Killed a gargoyle
  7468 | D:7      | Noticed a gargoyle
  7473 | D:7      | Killed a gargoyle
  7572 | D:8      | Reached XP level 10. HP: 77/88 MP: 9/9
  7619 | D:8      | Reached skill level 11 in Short Blades
  7690 | D:8      | Found a flagged portal.
  7710 | Bailey   | Entered a bailey
  7739 | Bailey   | Noticed an orc knight
  7746 | Bailey   | Killed an orc knight
  7747 | Bailey   | Reached skill level 1 in Evocations
  7764 | Bailey   | Found an iron altar of Okawaru.
  7764 | Bailey   | Noticed an orc high priest
  7771 | Bailey   | Gained mutation: Your body sometimes deteriorates upon
                  | taking damage. [a neqoxec]
  7773 | Bailey   | Noticed a rust devil
  7776 | Bailey   | Killed an orc high priest
  7777 | Bailey   | Reached skill level 12 in Short Blades
  7777 | Bailey   | Noticed a sixfirhy
  7866 | Bailey   | Gained mutation: You are frail. (-10% HP) [mutagenic glow]
  7877 | Bailey   | Gained mutation: You are dopey. (Int -2) [mutagenic glow]
  7918 | Bailey   | Gained mutation: Your body often deteriorates upon taking
                  | damage. [mutagenic glow]
  7992 | Bailey   | Lost mutation: You are frail. (-10% HP) [potion of
                  | mutation]
  7992 | Bailey   | Lost mutation: Your body often deteriorates upon taking
                  | damage. [potion of mutation]
  7992 | Bailey   | Gained mutation: Your spells are a little easier to cast,
                  | but a little less powerful. [potion of mutation]
  7992 | Bailey   | Gained mutation: Your flesh is heat resistant. (rF+)
                  | [potion of mutation]
  7993 | Bailey   | Lost mutation: You are dopey. (Int -2) [potion of mutation]
  7993 | Bailey   | Lost mutation: Your body sometimes deteriorates upon taking
                  | damage. [potion of mutation]
  7993 | Bailey   | Gained mutation: Your flesh is very heat resistant. (rF++)
                  | [potion of mutation]
  8046 | Bailey   | Noticed an orc knight
  8070 | Bailey   | Killed an orc knight
  8146 | Bailey   | Noticed an orc knight
  8161 | Bailey   | Killed an orc knight
  8214 | Bailey   | Noticed an orc knight
  8214 | Bailey   | Noticed an orc knight
  8227 | Bailey   | Killed an orc knight
  8228 | Bailey   | Reached XP level 11. HP: 73/94 MP: 10/10
  8240 | Bailey   | Killed an orc knight
  8241 | Bailey   | Reached skill level 13 in Short Blades
  8241 | Bailey   | Reached skill level 5 in Evocations
  8250 | Bailey   | Acquired the ring "Ratuocs" {rElec rF+ Str-2 Dex+2}
  8477 | Bailey   | Identified the +11 glaive of Gehenna {flame, Fly Int+2}
  8925 | D:9      | Noticed a centaur warrior
  8932 | D:9      | Killed a centaur warrior
  8954 | D:9      | Noticed a death yak
  9008 | D:9      | Found Lame's Assorted Antiques.
  9011 | D:9      | Bought a fizzy brown potion for 27 gold pieces
  9073 | D:9      | Noticed an orc knight
  9098 | D:9      | Killed an orc knight
  9165 | D:9      | Reached skill level 14 in Short Blades
  9191 | D:9      | Noticed a green ugly thing
  9207 | D:9      | Killed a green ugly thing
  9213 | D:9      | Noticed a fire crab
  9218 | D:9      | Noticed a two-headed ogre
  9225 | D:9      | Killed a fire crab
  9233 | D:9      | Killed a two-headed ogre
  9316 | D:9      | Killed a death yak
  9327 | D:9      | Found a staircase to the Lair.
  9369 | D:9      | Noticed a two-headed ogre
  9382 | D:9      | Killed a two-headed ogre
  9537 | D:9      | Noticed a two-headed ogre
  9546 | D:9      | Reached XP level 12. HP: 71/102 MP: 11/11
  9553 | D:9      | Killed a two-headed ogre
  9554 | D:9      | Reached skill level 10 in Shields
  9575 | D:9      | Reached skill level 15 in Short Blades
  9641 | D:9      | Noticed a boulder beetle
  9642 | D:9      | Identified the ring "Guux" {Ice rElec Str+2}
  9642 | D:9      | Identified the +0 falchion of Conflict {spect, rF+ SInv}
  9645 | D:9      | Identified the +1 pair of boots of Boredom {*Slow rF+++
                  | MP+9}
  9645 | D:9      | Identified Sif Muna's Collected Works on Execration
  9683 | D:9      | Killed a boulder beetle
 10184 | D:9      | Identified the +1 robe of Elitism {rF+ rCorr Str+7}
 10204 | D:9      | Reached * piety under Ashenzari
 10387 | D:10     | Entered Level 10 of the Dungeon
 10438 | D:9      | Acquired a manual of Shields
 10466 | Lair:1   | Entered Level 1 of the Lair of Beasts
 10661 | Lair:1   | Reached ** piety under Ashenzari
 10805 | Lair:1   | Noticed a four-headed hydra
 10812 | Lair:1   | Killed a four-headed hydra
 11582 | Lair:2   | Identified the +2 robe of Viokuasa {Dex+4 Stlth+}
 11693 | Lair:2   | Noticed an eight-headed hydra
 11701 | Lair:2   | Killed an eight-headed hydra
 11788 | Lair:2   | Reached skill level 15 in Shields
 11866 | Lair:2   | Reached *** piety under Ashenzari
 12654 | Lair:3   | Reached XP level 13. HP: 99/111 MP: 12/12
 12690 | Lair:3   | Noticed Fannar
 12704 | Lair:3   | Killed Fannar
 12940 | Lair:3   | Found a gate leading to a gauntlet.
 12947 | Lair:3   | Reached skill level 1 in Throwing
 12981 | Gauntlet | Entered a Gauntlet
 12981 | Gauntlet | Found a transporter.
 12981 | Gauntlet | Found a transporter.
 12983 | Gauntlet | Found a transporter.
 12986 | Gauntlet | Found a transporter.
 12987 | Gauntlet | Found a transporter.
 12987 | Gauntlet | Found a transporter.
 13060 | Gauntlet | Found a runed translucent door.
 13064 | Gauntlet | Found a transporter.
 13065 | Gauntlet | Identified the ring of the Skies Above {rElec rF- rC+
                  | Will++ Str+2}
 13066 | Gauntlet | Found a runed translucent door.
 13067 | Gauntlet | Found a transporter.
 13068 | Gauntlet | Found a transporter.
 13068 | Gauntlet | Found a transporter.
 13127 | Gauntlet | Noticed a dire elephant
 13136 | Gauntlet | Identified the +1 pair of gloves of Action {+Inv rPois rF++
                  | SInv}
 13138 | Gauntlet | Found a transporter.
 13138 | Gauntlet | Found a transporter.
 13139 | Gauntlet | Identified the +2 mace of the Scavenger {holy, rElec Int+4}
 13216 | Gauntlet | Reached skill level 5 in Throwing
 13307 | Gauntlet | Noticed a minotaur
 13308 | Gauntlet | Identified the +0 ring mail "Etetea Cigro" {Str+6 Int-3
                  | SInv}
 13346 | Gauntlet | Killed a minotaur
 14152 | Lair:4   | Found a staircase to the Snake Pit.
 14214 | Lair:4   | Reached skill level 10 in Fighting
 14933 | Lair:4   | Found a staircase to the Shoals.
 15470 | Lair:5   | Reached XP level 14. HP: 113/136 MP: 13/13
 15580 | Lair:5   | Reached skill level 15 in Fighting
 15856 | Lair:5   | Reached **** piety under Ashenzari
 16110 | Lair:6   | Entered Level 6 of the Lair of Beasts
 17029 | Lair:6   | Found a staircase to the Slime Pits.
 17315 | Lair:6   | Found a runed translucent door.
 17449 | Lair:6   | Paralysed by a hornet for 2 turns
 17652 | Lair:6   | Identified the +7 long sword of Tartarus {distort, Int+5}
 17688 | Lair:6   | Reached XP level 15. HP: 151/155 MP: 14/14
 17699 | Lair:6   | Reached skill level 10 in Armour
 18049 | D:10     | Identified the +6 glaive of Mayhem {spect, rF+ rN+ Stlth+}
 18325 | D:10     | Found a staircase to the Orcish Mines.
 18672 | Orc:1    | Entered Level 1 of the Orcish Mines
 18672 | Orc:1    | Noticed Erica
 18672 | Orc:1    | Noticed an orc warlord
 18706 | D:10     | Killed an orc warlord
 18832 | Orc:1    | Killed Erica
 18951 | Orc:2    | Entered Level 2 of the Orcish Mines
 19185 | Orc:2    | Found a staircase to the Elven Halls.
 19195 | Elf:1    | Entered Level 1 of the Elven Halls
 19409 | Elf:1    | Found a magical portal.
 19418 | WizLab   | Entered The Roulette of Golubria
 19418 | WizLab   | Found a transporter.
 19423 | WizLab   | Found a corrupted altar of Lugonu.
 19424 | WizLab   | Found the ring of the Tortoise {AC+8}
 19649 | WizLab   | Found a transporter.
 19656 | WizLab   | Found a transporter.
 19669 | WizLab   | Found a corrupted altar of Lugonu.
 19671 | WizLab   | Found a transporter.
 19712 | WizLab   | Found a transporter.
 19714 | WizLab   | Identified the +0 cloak of Card Tricks {Dex+4}
 19714 | WizLab   | Identified the -7 cloak of Parlour Games {Harm +Blink
                  | rElec}
 19738 | WizLab   | Found a transporter.
 19802 | WizLab   | Found a transporter.
 19823 | WizLab   | Found a transporter.
 19832 | WizLab   | Found a transporter.
 19842 | WizLab   | Noticed a tentacled starspawn
 19865 | WizLab   | Found a transporter.
 19888 | WizLab   | Found a transporter.
 19928 | WizLab   | Found a transporter.
 20066 | WizLab   | Noticed a tentacled starspawn
 20082 | WizLab   | Killed a tentacled starspawn
 20095 | WizLab   | Killed a tentacled starspawn
 20226 | WizLab   | Found a transporter.
 20396 | WizLab   | Found a transporter.
 20396 | WizLab   | Found a transporter.
 20441 | WizLab   | Found a transporter.
 20441 | WizLab   | Found a transporter.
 20487 | WizLab   | Found a transporter.
 20675 | Elf:1    | Reached skill level 20 in Shields
 20755 | Elf:1    | Reached XP level 16. HP: 124/167 MP: 15/15
 20814 | Elf:1    | Identified Borgnjor's Guide on Dark Secrets
 21637 | Elf:2    | Found a runed translucent gate.
 21638 | Elf:2    | Found a runed translucent gate.
 21638 | Elf:2    | Found a runed translucent gate.
 21676 | Elf:2    | Identified the Handbook of Transformation
 21810 | Elf:2    | Reached skill level 16 in Short Blades
 21953 | Elf:2    | Found Jut Um Yceo's General Store.
 21961 | Elf:2    | Bought a potion of heal wounds for 85 gold pieces
 22001 | Elf:2    | Found Puczuuluas's Armour Boutique.
 22271 | Elf:2    | Found Beggotur's General Store.
 22358 | Elf:2    | Reached skill level 17 in Short Blades
 22403 | Elf:2    | Found Nehiphifu's Weapon Boutique.
 22495 | Elf:2    | Noticed a deep elf blademaster
 22533 | Elf:2    | Killed a deep elf blademaster
 22736 | Elf:2    | Reached skill level 18 in Short Blades
 23168 | Elf:3    | Entered Level 3 of the Elven Halls
 23351 | Elf:3    | Reached XP level 17. HP: 159/173 MP: 16/16
 23453 | Elf:3    | Noticed a deep elf blademaster
 23454 | Elf:3    | Noticed a deep elf blademaster
 23459 | Elf:3    | Noticed a Brimstone Fiend
 23478 | Elf:3    | Found Suekli's Jewellery Shop.
 23478 | Elf:3    | Found Weagui's Magic Scroll Emporium.
 23482 | Elf:3    | Identified the ring "Vewniet" {rElec rC+ Will- Str+4 SInv}
 23482 | Elf:3    | Identified the +5 rapier "Isinkoit" {venom, Fly Will++
                  | rCorr Str-5}
 23482 | Elf:3    | Identified the +0 leather armour "Yhiogged" {rPois rN+}
 23482 | Elf:3    | Identified the +0 trident of Lol Wek {vorpal, rN+}
 23487 | Elf:3    | Identified the +4 short sword of the Tiger {freeze, *Noise
                  | Will+ Dex+9 Stlth+}
 23487 | Elf:3    | Identified the +2 hand crossbow of Compulsion {elec, rF++
                  | Int-4}
 23488 | Elf:3    | Identified the +5 whip "Tekaymiq" {freeze, rN+}
 23574 | Elf:3    | Reached skill level 19 in Short Blades
 23578 | Elf:3    | Noticed an Ice Fiend
 23625 | Elf:3    | Killed a deep elf blademaster
 23639 | Elf:3    | Noticed a Brimstone Fiend
 23639 | Elf:3    | Noticed a deep elf master archer
 23655 | Elf:3    | Killed a deep elf blademaster
 23656 | Elf:3    | Reached skill level 20 in Short Blades
 23676 | Elf:3    | Killed a deep elf master archer
 23813 | Elf:3    | Noticed a deep elf master archer
 23831 | Elf:3    | Killed a deep elf master archer
 23832 | Elf:3    | Reached skill level 21 in Short Blades
 23999 | Elf:3    | Identified the +5 hand axe of Elughibe {drain, rN+ Will+
                  | Str+3}
 24270 | Elf:3    | Bought a scroll of teleportation for 39 gold pieces
 24270 | Elf:3    | Bought a scroll of teleportation for 39 gold pieces
 24270 | Elf:3    | Bought a scroll of magic mapping for 45 gold pieces
 24270 | Elf:3    | Bought a scroll of teleportation for 39 gold pieces
 24270 | Elf:3    | Bought a scroll of teleportation for 39 gold pieces
 24270 | Elf:3    | Bought a scroll of torment for 97 gold pieces
 24759 | Orc:2    | Reached skill level 22 in Short Blades
 25182 | Orc:2    | Found Cettangu's Book Boutique.
 25182 | Orc:2    | Found Dadootu's Antique Armour Emporium.
 25184 | Orc:2    | Found Atueg's Magic Scroll Shoppe.
 25186 | Orc:2    | Found Ulyac's General Store.
 25193 | Orc:2    | Bought a scroll of teleportation for 51 gold pieces
 25193 | Orc:2    | Bought a scroll of brand weapon for 340 gold pieces
 25193 | Orc:2    | Bought 2 scrolls of magic mapping for 119 gold pieces
 25198 | Orc:2    | Bought the +3 warlock's mirror {reflect} for 640 gold
                  | pieces
 25198 | Orc:2    | Bought a scroll of enchant armour for 120 gold pieces
 25198 | Orc:2    | Found the +3 warlock's mirror {reflect}
 25466 | Orc:1    | Noticed Harold
 25477 | Orc:1    | Killed Harold
 26506 | D:12     | Noticed Azrael
 26540 | D:12     | Killed Azrael
 27413 | D:13     | Found a gate to the Vaults.
 27616 | D:13     | Reached XP level 18. HP: 167/184 MP: 18/18
 27676 | D:13     | Found a transporter.
 27710 | D:13     | Found a transporter.
 27768 | D:13     | Reached skill level 23 in Short Blades
 27786 | D:13     | Found a blossoming altar of Fedhas.
 27888 | D:13     | Noticed Iplucs's ghost (journeyman FeBe)
 29094 | D:14     | Noticed Josephine
 29124 | D:14     | Killed Josephine
 29214 | D:15     | Entered Level 15 of the Dungeon
 29471 | D:15     | Found a runed translucent gate.
 29473 | D:15     | Found a runed translucent gate.
 29473 | D:15     | Found a runed translucent gate.
 29474 | D:15     | Noticed TuffENuff's ghost (journeyman FoFi)
 29476 | D:15     | Found the +12 glaive of Prune {vorpal}
 29481 | D:15     | Found an iron altar of Okawaru.
 29559 | D:15     | Acquired 1077 gold pieces
 29827 | D:15     | Found a staircase to the Depths.
 30217 | Snake:1  | Entered Level 1 of the Snake Pit
 30356 | Snake:1  | Reached skill level 24 in Short Blades
 30633 | Snake:1  | Found Bity's General Store.
 30635 | Snake:1  | Found Nelacki's Armour Shoppe.
 30637 | Snake:1  | Found Ukkur's Jewellery Emporium.
 31635 | Snake:2  | Noticed Vashnia
 31877 | Snake:2  | Killed Vashnia
 31982 | Snake:2  | Noticed Aizul
 32120 | Snake:2  | Killed Aizul
 33173 | Snake:3  | Reached XP level 19. HP: 162/191 MP: 19/19
 33619 | Snake:4  | Entered Level 4 of the Snake Pit
 33830 | Snake:4  | Reached skill level 10 in Dodging
 34958 | Snake:4  | Got a serpentine rune of Zot
 35795 | Vaults:1 | Entered Level 1 of the Vaults
 35874 | Vaults:1 | HP: 17/191 [slime creature (10)]
 35874 | Vaults:1 | HP: 3/191 [slime creature (14)]
 35875 | Vaults:1 | Shot with a bolt by a yaktaur captain

Table legend: (Time is in decaauts)
 A = Elapsed time spent in this place.
 B = Non-inter-level travel time spent in this place.
 C = Inter-level travel time spent in this place.
 D = Time resting spent in this place.
 E = Time spent auto-exploring this place.
 F = Levels seen in this place.
 G = Mean time per level.
                   A        B        C        D        E       F      G
               +--------+--------+--------+--------+--------+-----+--------+
         Total |  32123 |  28557 |   3566 |   3432 |  18886 |  37 |  868.2 |
       Dungeon |  13437 |  11751 |   1686 |   1310 |   8559 |  15 |  895.8 |
        Temple |     58 |     46 |     12 |      0 |     42 |   1 |   58.0 |
          Lair |   6670 |   5462 |   1208 |    177 |   4346 |   6 | 1111.7 |
     Snake Pit |   4506 |   4120 |    386 |    724 |   2524 |   4 | 1126.5 |
  Orcish Mines |   1332 |   1227 |    105 |    104 |    774 |   2 |  666.0 |
   Elven Halls |   3602 |   3437 |    165 |    324 |   2035 |   3 | 1200.7 |
        Vaults |     54 |     54 |      0 |      0 |     22 |   1 |   54.0 |
         Sewer |    107 |    107 |      0 |      0 |     26 |   1 |  107.0 |
       Ossuary |    357 |    357 |      0 |    269 |     28 |   1 |  357.0 |
        Bailey |    682 |    682 |      0 |    261 |    189 |   1 |  682.0 |
        Wizlab |   1000 |   1000 |      0 |    219 |    341 |   1 | 1000.0 |
      Gauntlet |    312 |    312 |      0 |     43 |      0 |   1 |  312.0 |
               +--------+--------+--------+--------+--------+-----+--------+

Top non-repeatable levels by time:
     D:4: 1912 daAuts
 Snake:4: 1577 daAuts
  Lair:2: 1498 daAuts
     D:9: 1462 daAuts
  Lair:6: 1315 daAuts
   Elf:2: 1274 daAuts
   Elf:3: 1228 daAuts
  Lair:4: 1195 daAuts
     D:5: 1166 daAuts
  Lair:1: 1130 daAuts
   Elf:1: 1099 daAuts
     D:2: 1071 daAuts
 Snake:1: 1011 daAuts
 Snake:3: 1006 daAuts
  WizLab: 1000 daAuts

Table legend:
 A = Kills in this place as a percentage of kills in entire the game.
 B = Kills by you in this place as a percentage of kills by you in the entire game.
 C = Kills by friends in this place as a percentage of kills by friends in the entire game.
 D = Other kills in this place as a percentage of other kills in the entire game.
 E = Experience gained in this place as a percentage of experience gained in the entire game.
 F = Experience gained in this place divided by the number of levels of this place that you have seen.
                   A       B       C       D       E      F
               +-------+-------+-------+-------+-------+----------------------
         Total | 100.0 | 100.0 | 100.0 | 100.0 | 100.0 | 11492.6
       Dungeon |  35.0 |  34.9 |  50.0 |  50.0 |  19.8 | 5609.2
          Lair |  18.6 |  18.7 |   0.0 |   0.0 |  16.8 | 11898.2
     Snake Pit |  14.0 |  14.0 |   0.0 |   0.0 |  23.2 | 24714.8
  Orcish Mines |   9.3 |   9.3 |   0.0 |   0.0 |   3.9 | 8190.0
   Elven Halls |  13.4 |  13.4 |   0.0 |   0.0 |  28.0 | 39678.0
        Vaults |   0.4 |   0.4 |   0.0 |   0.0 |   0.5 | 1915.0
         Sewer |   1.2 |   1.2 |   0.0 |   0.0 |   0.0 |  19.0
       Ossuary |   0.4 |   0.4 |   0.0 |   0.0 |   0.0 |  64.0
        Bailey |   3.7 |   3.7 |   0.0 |   0.0 |   1.2 | 4981.0
        Wizlab |   3.1 |   2.9 |  50.0 |  50.0 |   4.9 | 21012.0
      Gauntlet |   1.1 |   1.1 |   0.0 |   0.0 |   1.7 | 7435.0
               +-------+-------+-------+-------+-------+----------------------

Action                   |  1- 3 |  4- 6 |  7- 9 | 10-12 | 13-15 | 16-18 | 19-21 || total
-------------------------+-------+-------+-------+-------+-------+-------+-------++-------
Melee: War axe           |    19 |       |       |       |       |       |       ||    19
       Headbutt          |    11 |    29 |    75 |   198 |   609 |   676 |   165 ||  1763
       Dagger            |    39 |   147 |   209 |       |       |       |       ||   395
       Quick blade       |       |       |    56 |   695 |  2007 |  2192 |   489 ||  5439
Invok: Curse Item        |       |       |     1 |     4 |     3 |     4 |       ||    12
       Shatter the Chain |       |       |       |       |     1 |     4 |       ||     5
Evoke: Wand              |       |       |       |     1 |       |     2 |     6 ||     9
       Lightning rod     |       |       |       |       |       |       |     1 ||     1
  Use: Potion            |     1 |       |     1 |     7 |     6 |     5 |     2 ||    22
       Scroll            |       |     7 |     2 |     3 |     4 |     7 |     3 ||    26
 Stab: Invisible         |       |       |       |       |       |     6 |       ||     6
       Held in net/web   |       |       |       |       |       |     1 |       ||     1
Armor: Scale mail        |    15 |       |       |       |       |       |       ||    15
       Chain mail        |     8 |    70 |    91 |    24 |       |       |       ||   193
       Plate armour      |       |       |       |   129 |    32 |       |       ||   161
       Quicksilver drago |       |       |       |       |   117 |       |       ||   117
       Ice dragon scales |       |       |       |       |   155 |   280 |    88 ||   523
Dodge: Dodged            |    20 |    44 |    61 |   137 |   367 |   411 |   146 ||  1186
Block: Buckler           |       |       |       |    73 |    27 |   408 |   183 ||   691
       Kite shield       |       |       |       |       |   925 |   357 |       ||  1282
       Reflection        |       |       |       |       |       |    79 |    46 ||   125

Vanquished Creatures
  Vashnia (Snake:2)
  2 quicksilver dragons (Snake:4)
  3 deep elf blademasters
  An eldritch tentacle (WizLab)
  2 deep elf master archers (Elf:3)
  2 tentacled starspawn (WizLab)
  3 deep elf sorcerers
  4 nagarajas
  Aizul (Snake:2)
  2 orc warlords
  3 deep elf elementalists
  5 deep elf demonologists
  4 deep elf annihilators
  A minotaur (Gauntlet)
  Azrael (D:12)
  A blizzard demon (WizLab)
  7 deep elf death magi
  Josephine (D:14)
  4 vault guards
  13 naga warriors
  Harold (Orc:1)
  2 salamander tyrants
  A deep elf high priest (Elf:3)
  9 boulder beetles
  2 rakshasas (WizLab)
  Fannar (Lair:3)
  An ogre mage (D:15)
  An ice dragon (Lair:6)
  10 hydras
  Erica (Orc:1)
  4 centaur warriors
  A peacekeeper (Vaults:1)
  8 anacondas
  A death knight (D:15)
  11 two-headed ogres
  16 death yaks
  2 tengu warriors
  A soul eater (WizLab)
  22 dancing weapons
  A thrashing horror (WizLab)
  An orc high priest (Bailey)
  3 shock serpents
  16 naga sharpshooters
  A skeletal warrior (D:15)
  19 deep elf knights
  A fire crab (D:9)
  A sixfirhy (WizLab)
  A death drake (WizLab)
  2 salamander mystics
  7 naga ritualists
  A glowing orange brain (D:13)
  14 deep elf archers
  2 wizards
  9 mana vipers
  26 deep elf pyromancers
  4 large abominations (Elf:1)
  9 orc knights
  A lindwurm (Lair:6)
  2 ugly things
  5 necromancers
  19 deep elf zephyrmancers
  5 worldbinders (WizLab)
  2 wolf spiders
  An orb spider (shapeshifter) (D:13)
  5 manticores
  3 cyclopes
  4 orc sorcerers
  8 salamanders
  2 merfolk sirens (Lair:4)
  7 guardian serpents
  46 black mambas
  11 elephants
  A water nymph (shapeshifter) (Elf:2)
  An eye of devastation (shapeshifter) (Elf:2)
  An ice statue (D:10)
  A black mamba (shapeshifter) (Elf:2)
  A guardian serpent (shapeshifter) (Elf:2)
  9 naga magi
  6 gargoyles
  A vault sentinel (Vaults:1)
  An unseen horror (D:6)
  An unseen horror (shapeshifter) (D:13)
  A rime drake (shapeshifter) (Elf:2)
  20 cane toads
  A kobold demonologist (Bailey)
  2 rime drakes
  7 torpor snails
  An efreet (D:13)
  9 komodo dragons
  2 ice devils (WizLab)
  2 tengu conjurers (Gauntlet)
  8 trolls
  6 polar bears
  2 merfolk (Lair:4)
  A raiju (Gauntlet)
  19 slime creatures
  4 tyrant leeches (Lair:6)
  A hornet (shapeshifter) (D:15)
  13 hornets
  2 trolls (shapeshifter)
  A snapping turtle (shapeshifter) (Elf:2)
  4 dream sheep (Lair:2)
  7 blink frogs
  6 water elementals
  An air elemental (WizLab)
  2 shadows
  8 spriggans (Lair:2)
  8 wyverns
  A redback (shapeshifter) (D:15)
  2 redbacks (Lair:6)
  4 basilisks
  11 wraiths
  45 yaks
  3 fire elementals
  2 steam dragons (Gauntlet)
  16 vampire mosquitoes
  3 wargs
  7 spatial vortices (WizLab)
  41 nagas
  An acid dragon (D:11)
  An acid dragon (shapeshifter) (Elf:2)
  28 water moccasins
  4 hell hounds (D:12)
  46 orc warriors
  2 necrophages
  3 sky beasts
  5 black bears
  29 centaurs
  14 ogres
  6 boggarts
  A phantom (D:7)
  An elf zombie (Elf:1)
  6 kobold brigands
  Blork the orc (D:4)
  14 bullfrogs
  6 gnoll sergeants
  3 scorpions
  3 earth elementals
  A water moccasin skeleton (D:6)
  7 killer bees
  3 howler monkeys
  A wight (D:9)
  10 electric eels
  A small abomination (WizLab)
  5 centaur zombies
  6 jellies
  A quasit (WizLab)
  A human zombie (Ossuary)
  3 hounds
  6 orc priests
  5 iguanas
  14 orc wizards
  A mummy (Ossuary)
  2 howler monkey zombies
  18 gnolls
  2 adders
  3 shadow imps
  2 white imps (D:6)
  An ufetubus (D:5)
  A worm (D:2)
  60 orcs
  6 bats
  13 endoplasms
  A giant cockroach (D:2)
  20 goblins
  11 hobgoblins
  11 jackals
  21 kobolds
  3 quokkas
  8 ball pythons
  A frilled lizard (D:3)
  A hobgoblin zombie (Ossuary)
  2 kobold zombies (Ossuary)
  9 rats
  A bush (D:13)
1127 creatures vanquished.

Vanquished Creatures (collateral kills)
  A fire crab (D:9)
  An obsidian statue (WizLab)
2 creatures vanquished.

Vanquished Creatures (others)
  A draconian shifter (WizLab)
  A deep elf knight (Elf:3)
  A howler monkey (D:12)
  An orc (Orc:2)
  19 fungi
  54 plants
  2 starspawn tentacles (WizLab)
79 creatures vanquished.

Grand Total: 1208 creatures vanquished
